 Dungeon Crawl Stone Soup version 0.19.5 (webtiles) character file.

165 Keye the Chopper (level 5, -7/45 HPs)
             Began as a Hill Orc Fighter on May 12, 2017.
             Mangled by a crocodile (10 damage)
             ... in a sewer.
             The game lasted 00:03:20 (2508 turns).

Keye the Chopper (Hill Orc Fighter)                 Turns: 2508, Time: 00:03:21

Health: -7/45      AC:  7    Str: 20    XL:     5   Next: 46%
Magic:  5/5        EV: 11    Int:  8    God:
Gold:   195        SH:  0    Dex: 10    Spells: 0 memorised, 4 levels left

rFire  . . .     SeeInvis .     a - +0 war axe
rCold  . . .     Gourm    .     h - +3 leather armour
rNeg   . . .     Faith    .     (no shield)
rPois  .         Spirit   .     k - +0 hat {MR+}
rElec  .         Reflect  .     (no cloak)
rCorr  .         Harm     .     z - +0 pair of gloves
MR     +....                    (no boots)
Stlth  +.........               u - amulet of regeneration
                                (no ring)
                                (no ring)

@: no status effects
A: no striking features
a: no special abilities


You were in a sewer.
You were not hungry.

You visited 1 branch of the dungeon, and saw 4 of its levels.
You also visited: Sewer.

You collected 195 gold pieces.

Inventory:

Hand Weapons
 a - a +0 war axe (weapon)
Armour
 b - a +0 scale mail
 c - a +0 shield
 h - a +3 leather armour (worn)
 j - a +0 large shield
 k - a +0 hat of magic resistance (worn)
 z - a +0 pair of gloves (worn)
Jewellery
 u - an amulet of regeneration (around neck)
 v - an uncursed ring of stealth {unknown}
Wands
 y - a wand of digging (2/24)
Scrolls
 g - 4 scrolls of teleportation {unknown}
 l - 4 scrolls of identify {unknown}
 m - 2 scrolls of remove curse {unknown}
 t - a scroll of enchant weapon {unknown}
 x - a scroll of recharging {unknown}
Potions
 d - 3 potions of might
 e - 2 potions of heal wounds {unknown}
 i - 2 potions of berserk rage {unknown}
 n - 2 potions of agility {unknown}
 r - 2 potions of mutation {unknown}
 w - a potion of degeneration {unknown}
 B - a potion of resistance {unknown}
Comestibles
 f - 2 bread rations
 o - 5 fruits
 p - 3 beef jerkies
 q - a slice of pizza
 s - 2 meat rations
 A - 8 chunks of flesh


   Skills:
 - Level 3.6 Fighting
 + Level 7.2 Axes
 - Level 3.2 Armour
 - Level 3.2 Shields


You had 4 spell levels left.
You didn't know any spells.

Dungeon Overview and Level Annotations

Branches:
Dungeon (4/15)
 Temple: D:4-7

Altars:


Message History

The crocodile is moderately wounded.
The crocodile misses you.
You slash the crocodile!
The crocodile is heavily wounded.
The crocodile bites you. The crocodile bites you!
You barely miss the crocodile.
The crocodile is heavily wounded.
The crocodile barely misses you.
You closely miss the crocodile.
The crocodile is heavily wounded.
The crocodile bites you!
* * * LOW HITPOINT WARNING * * *
You hit the crocodile.
The crocodile is severely wounded.
The crocodile bites you!
* * * LOW HITPOINT WARNING * * *
You barely miss the crocodile.
The crocodile is severely wounded.
The crocodile bites you!
You die...

. ...
############.....
.........@t......
#######.####.....
#.# ... #.# . #.#
#.# #.# ##.##
##...##


You could see a crocodile.

Vanquished Creatures
  An orc wizard (D:4)
  A gnoll (D:1)
  2 adders
  A river rat (D:4)
  2 dart slugs
  2 leopard geckos (D:4)
  5 orcs
  9 bats
  A giant cockroach (D:1)
  11 goblins
  11 hobgoblins
  10 jackals
  11 kobolds
  2 quokkas
  2 ball pythons (D:1)
  5 frilled lizards
  6 rats
82 creatures vanquished.

Notes
Turn   | Place    | Note
-------+----------+-------------------------------------------
     0 | D:1      | Keye the Hill Orc Fighter began the quest for the Orb.
     0 | D:1      | Reached XP level 1. HP: 19/19 MP: 1/1
    42 | D:1      | Reached skill level 3 in Axes
    50 | D:1      | Reached XP level 2. HP: 22/26 MP: 2/2
   159 | D:1      | Reached skill level 4 in Axes
   170 | D:1      | Reached XP level 3. HP: 13/31 MP: 3/3
   819 | D:2      | Reached skill level 5 in Axes
  1083 | D:2      | Reached XP level 4. HP: 39/39 MP: 4/4
  1513 | D:2      | Reached skill level 6 in Axes
  2318 | D:4      | Reached XP level 5. HP: 42/45 MP: 5/5
  2332 | D:4      | Reached skill level 7 in Axes
  2456 | D:4      | Found a glowing drain.
  2460 | Sewer    | Entered a sewer
  2496 | Sewer    | Noticed a crocodile
  2507 | Sewer    | HP: 2/45 [crocodile (9)]
  2508 | Sewer    | Mangled by a crocodile

Skill      XL: |  1  2  3  4  5 |
---------------+----------------+-----
Axes           | 3 4 5 6 7 |  7.2
Fighting       | |  3.6
Armour         | |  3.2
Shields        | |  3.2

Action                   |  1- 3 |  4- 6 || total
-------------------------+-------+-------++-------
Melee: War axe           |    96 |   132 ||   228
  Eat: Chunk             |     1 |     4 ||     5
Armor: Scale mail        |    10 |       ||    10
       Leather armour    |    31 |    54 ||    85
Dodge: Dodged            |    68 |   105 ||   173
